 Dungeon Crawl Stone Soup version 0.30-a0-1114-gd936c97349 (webtiles) character file.

Game seed: 11294539621414068497

7523 Essalna the Destroyer (level 11, -15/69 HPs)
             Began as a Tengu Fire Elementalist on Apr 21, 2023.
             Was a Believer of Vehumet.
             Demolished by a death yak (20 damage)
             ... on level 9 of the Dungeon.
             The game lasted 00:22:39 (12622 turns).

Essalna the Destroyer (Tengu Fire Elementalist)    Turns: 12622, Time: 00:22:40

Health: -15/69     AC: 11    Str:  8    XL:     11   Next: 16%
Magic:  1/15       EV: 17    Int: 19    God:    Vehumet [**....]
Gold:   661        SH:  0    Dex: 16    Spells: 7/14 levels left

rFire   . . .      SeeInvis .    G - +0 flail (venom)
rCold   + . .      Faith    .    (no shield)
rNeg    . . .      Spirit   .    H - +1 robe {rC+}
rPois   .          Reflect  .    (helmet restricted)
rElec   .          Rampage  .    c - scarf {repulsion}
rCorr   .                        (no gloves)
Will    .....                    (boots unavailable)
Stlth   ++                       (no amulet)
HPRegen 0.31/turn                k - +4 ring of protection
MPRegen 0.14/turn                v - +4 ring of protection

@: flying quickly and evasively, repel missiles, quick
A: beak, talons 3, nimble flight
a: Renounce Religion


You were on level 9 of the Dungeon.
You worshipped Vehumet.
Vehumet was pleased with you.
You visited 3 branches of the dungeon, and saw 12 of its levels.

You collected 661 gold pieces.

Inventory:

Hand Weapons
 G - a +0 flail of venom (weapon)
Armour
 a - a +1 robe
 c - a scarf of repulsion (worn)
 H - a +1 robe of cold resistance (worn)
Magical Staves
 j - a staff of air
Jewellery
 k - a +4 ring of protection (left hand)
 n - a ring of positive energy
 s - a ring of resist corrosion
 u - a ring of see invisible
 v - a +4 ring of protection (right hand)
 x - an amulet of faith
 E - a +5 ring of evasion
 J - a +6 ring of intelligence
Wands
 p - a wand of flame (61)
 q - a wand of mindburst (15)
 r - a wand of iceblast (11)
 w - a wand of paralysis (17)
Scrolls
 d - 4 scrolls of amnesia
 h - 3 scrolls of enchant weapon
 l - 4 scrolls of teleportation
 t - 4 scrolls of identify
 y - a scroll of silence {unknown}
 z - 2 scrolls of magic mapping
 A - 2 scrolls of poison {unknown}
 B - a scroll of fear {unknown}
 C - a scroll of acquirement {unknown}
 D - a scroll of vulnerability {unknown}
 M - a scroll of fog {unknown}
 N - a scroll of enchant armour
Potions
 b - 3 potions of magic
 e - 2 potions of berserk rage
 f - 3 potions of degeneration
 g - 3 potions of attraction
 i - 4 potions of curing
 m - 3 potions of lignification
 o - 4 potions of cancellation
 F - a potion of invisibility {unknown}
 K - a potion of mutation {unknown}
 L - a potion of might {unknown}


   Skills:
 + Level 8.8 Fighting
 + Level 5.3 Armour
 + Level 5.9 Dodging
 - Level 2.0 Stealth
 - Level 2.0 Spellcasting
 + Level 11.6 Conjurations
 + Level 10.3 Fire Magic


You had 7 spell levels left.
You knew the following spells:

 Your Spells              Type           Power      Damage    Failure   Level
a - Foxfire               Conj/Fire      100%       2x1d9     1%          1
b - Scorch                Fire           82%        2d8       1%          2
c - Flame Wave            Conj/Fire      43%        2d11      1%          4

Your spell library contained the following spells:

 Spells                   Type           Power      Damage    Failure   Level
 Searing Ray              Conj           92%        2d7       1%          2
 Magic Dart               Conj           100%       1d8       1%          1
 Static Discharge         Conj/Air       46%        2-4/arc   2%          2
 Hailstorm                Conj/Ice       23%        3d7       4%          3
 Inner Flame              Hex/Fire       21%        N/A       6%          3
 Volatile Blastmotes      Fire/Tloc      42%        2d13      6%          3
 Mephitic Cloud           Conj/Pois/Air  16%        N/A       11%         3
 Apportation              Tloc           2%         N/A       17%         1
 Necrotise                Necr           4%         1d4       17%         1
 Summon Small Mammal      Summ           4%         N/A       17%         1
 Call Imp                 Summ           2%         N/A       26%         2
 Airstrike                Air            0%         2d(1-17)  86%         4
 Ice Form                 Ice/Tmut       1%         N/A       86%         4
 Summon Lightning Spire   Summ/Air       1%         N/A       86%         4
 Simulacrum               Ice/Necr       0%         N/A       100%        6


Dungeon Overview and Level Annotations

Branches:
Dungeon (10/15)            Temple (1/1) D:7            Lair (0/5) D:9
    Orc (1/2) D:9

Altars:
Ashenzari
Cheibriados
Dithmenos
Elyvilon
Fedhas
Gozag
Hepliaklqana
Makhleb
Nemelex Xobeh
Okawaru
Qazlal
Ru
Sif Muna
Trog
Uskayaw
Vehumet
Wu Jian
Xom
Yredelemnul
Zin
The Shining One

Shops:
D:9 (

Annotations:
D:10 4 transporters


Innate Abilities, Weirdness & Mutations

You have a beak for a mouth.
You have claws for feet.
Your magical nature lets you fly swiftly and evasively.


Message History

The death yak gores you!
Casting: Scorch (safe; 1% risk of failure)
Confirm with . or Enter, or press ? or * to list all spells.
Flames lash the death yak.
The death yak is burned terribly!
The death yak is severely wounded.
The death yak closely misses you.
Casting: Scorch (safe; 1% risk of failure)
Confirm with . or Enter, or press ? or * to list all spells.
You don't have enough magic to cast this spell.
Hit: G) +0 flail (venom)
Press: ? - help, Dir - move target, f - death yak
Aim: a death yak (severely wounded, more vulnerable to fire, about 21% to evade your +0 flail of venom)
You hit the death yak but do no damage.
The death yak is poisoned.
The death yak is severely wounded.
The death yak gores you!
* * * LOW HITPOINT WARNING * * *
Hit: G) +0 flail (venom)
Press: ? - help, Dir - move target, f/p - death yak
Aim: a death yak (almost dead, very poisoned, more vulnerable to fire, about 21% to evade your +0 flail of venom)
You hit the death yak but do no damage.
The death yak looks as sick as possible!
Your kick misses the death yak.
The death yak is almost dead.
The death yak gores you!
* * * LOW HITPOINT WARNING * * *
The death yak gores you but does no damage.
There is an escape hatch in the ceiling here.
Things that are here:
a +0 spear; a gnoll skeleton
Aiming: Corrosive Bolt
Press: ? - help, Shift-Dir - straight line, f/p - death yak
Aim: a death yak (almost dead, very poisoned, more vulnerable to fire, 90% to hit)
The bolt of acid hits the death yak.
The death yak is almost dead.
The now-empty wand crumbles to dust.
Aiming: Throw Flame
Press: ? - help, Shift-Dir - straight line, f/p - death yak
Aim: a death yak (almost dead, very poisoned, more vulnerable to fire, 89% to hit)
The puff of flame misses the death yak.
The death yak gores you!!
You die...

##########
#........#
#:.......#
####........#
...........#
#.........#
###....÷....#
#@Y.<.>.....#
#.........∩.#
#>.#.>......#
#..##.#######
#..#..#
###..........##
.........#.##
........#.# .
.......#.# #


You could see a death yak (very poisoned, combustible).

Vanquished Creatures
  An orc sorcerer (Orc:1)
  Psyche (D:8)
  A kobold demonologist (D:10)
  2 trolls
  A hornet (D:10)
  6 yaks
  2 steam dragons
  4 vampire mosquitoes (D:10)
  A warg (Orc:1)
  2 water moccasins
  3 ice beasts
  2 sky beasts (D:6)
  A black bear (D:3)
  2 orc warriors (D:9)
  5 ogres
  3 centaurs
  A phantom (D:5)
  2 gnoll sergeants
  2 kobold brigands
  4 bullfrogs
  3 scorpions
  14 wights
  4 killer bees (D:9)
  2 howler monkeys (D:8)
  4 hounds
  A jelly (D:6)
  5 orc priests
  2 iguanas (D:7)
  A sleepcap (D:5)
  Natasha (thrice) (D:4)
  7 orc wizards
  7 adders
  8 gnolls
  3 shadow imps
  2 white imps
  2 worms (D:2)
  4 dart slugs
  45 orcs
  6 bats
  5 endoplasms
  3 giant cockroaches
  6 goblins
  3 hobgoblins
  9 jackals
  2 quokkas
  2 ball pythons (D:4)
  A frilled lizard (D:2)
  15 kobolds
  3 rats
218 creatures vanquished.

Vanquished Creatures (others)
  A butterfly (D:5)
  812 foxfires
  2 plants (D:3)
815 creatures vanquished.

Grand Total: 1033 creatures vanquished

Notes
Turn   | Place    | Note
-------+----------+-------------------------------------------
     0 | D:1      | Essalna the Tengu Fire Elementalist began the quest for the
                  | Orb.
     0 | D:1      | Reached XP level 1. HP: 10/10 MP: 4/4
   346 | D:1      | Reached XP level 2. HP: 9/16 MP: 6/6
   350 | D:1      | Reached skill level 2 in Conjurations
   514 | D:1      | Reached skill level 1 in Fighting
   947 | D:2      | Found a sacrificial altar of Ru.
  1051 | D:2      | Reached XP level 3. HP: 20/20 MP: 0/7
  2053 | D:3      | Noticed a black bear
  2361 | D:3      | Killed a black bear
  2362 | D:3      | Reached skill level 3 in Conjurations
  2362 | D:3      | Reached XP level 4. HP: 27/27 MP: 0/8
  2362 | D:3      | Gained mutation: Your magical nature lets you fly swiftly
                  | and evasively. [Tengu growth]
  2362 | D:3      | Reached XP level 5. HP: 31/31 MP: 0/9
  2527 | D:3      | Found a burning altar of Makhleb.
  2701 | D:3      | Reached skill level 4 in Conjurations
  2896 | D:4      | Noticed Natasha
  2899 | D:4      | Killed Natasha
  3040 | D:3      | Learned a level 2 spell: Scorch
  3048 | D:4      | Reached XP level 6. HP: 29/37 MP: 6/10
  3163 | D:4      | Noticed Natasha
  3168 | D:4      | Killed Natasha
  3169 | D:4      | Reached skill level 5 in Fire Magic
  3342 | D:4      | Found a shadowy altar of Dithmenos.
  3349 | D:4      | Noticed Natasha
  3351 | D:4      | Killed Natasha
  3492 | D:4      | Reached skill level 5 in Conjurations
  3555 | D:4      | Reached XP level 7. HP: 42/42 MP: 3/11
  4211 | D:5      | Entered Level 5 of the Dungeon
  4361 | D:5      | Reached skill level 6 in Conjurations
  4858 | D:5      | Learned a level 4 spell: Flame Wave
  4912 | D:5      | Reached XP level 8. HP: 48/48 MP: 6/12
  5049 | D:5      | Reached skill level 5 in Fighting
  5413 | D:5      | Found a white marble altar of Elyvilon.
  5624 | D:5      | Reached skill level 7 in Conjurations
  6150 | D:6      | Reached skill level 8 in Conjurations
  6543 | D:6      | Reached XP level 9. HP: 55/55 MP: 4/13
  7295 | D:6      | Reached skill level 9 in Conjurations
  7822 | D:7      | Found a staircase to the Ecumenical Temple.
  7828 | Temple   | Entered the Ecumenical Temple
  9422 | D:8      | Reached skill level 1 in Armour
  9479 | D:8      | Noticed Psyche
  9485 | D:8      | Killed Psyche
  9551 | D:8      | Found a shimmering altar of Xom.
  9648 | D:8      | Found a radiant altar of Vehumet.
  9656 | D:8      | Became a worshipper of Vehumet
  9717 | D:8      | Reached skill level 10 in Conjurations
 10631 | D:9      | Reached XP level 10. HP: 63/63 MP: 7/14
 10784 | D:9      | Found a staircase to the Orcish Mines.
 11125 | Orc:1    | Entered Level 1 of the Orcish Mines
 11125 | Orc:1    | Noticed an orc sorcerer
 11129 | Orc:1    | Killed an orc sorcerer
 11143 | D:9      | Reached * piety under Vehumet
 11143 | D:9      | Offered knowledge of Shock by Vehumet.
 11150 | D:9      | Noticed a death yak
 11229 | D:9      | Found a staircase to the Lair.
 11230 | D:9      | Noticed a death yak
 11247 | D:10     | Entered Level 10 of the Dungeon
 11259 | D:10     | Reached skill level 5 in Dodging
 11259 | D:10     | Reached skill level 11 in Conjurations
 11491 | D:10     | Noticed a kobold demonologist
 11514 | D:9      | Found Ricet's Weapon Shop.
 11524 | D:10     | Reached skill level 10 in Fire Magic
 11718 | D:10     | Found a transporter.
 11724 | D:10     | Found a transporter.
 11777 | D:9      | Noticed a death yak
 11842 | D:10     | Reached XP level 11. HP: 69/69 MP: 9/15
 11899 | D:10     | Reached skill level 5 in Armour
 11912 | D:10     | HP: 3/69 [poisoned by a gnoll sergeant]
 11914 | D:10     | Reached ** piety under Vehumet
 11914 | D:10     | Offered knowledge of Searing Ray by Vehumet.
 11934 | D:10     | Noticed a soul eater
 12284 | D:10     | Found a shimmering blue altar of Sif Muna.
 12405 | D:10     | Found a transporter.
 12437 | D:10     | Found a transporter.
 12615 | D:9      | HP: 3/69 [death yak (12)]
 12622 | D:9      | Demolished by a death yak

Illustrated notes

Levels and vault maps discovered:
D:1:      evilmike_arrival_crescent, layout_rooms
D:2:      layout_rooms, basic_altar, grunt_decor_clamped
D:3:      layout_basic, mainiacjoe_overflow_boulevard
D:4:      layout_rooms, general_overflow_altar, uniq_natasha
D:5:      layout_loops_corners, nicolae_elyvilon_peaceful_grove
D:6:      layout_loops_ring, serial_rivers, chequers_serial_rivers_marsh,
          chequers_serial_rivers_small_b, chequers_serial_rivers_micro_c,
          chequers_serial_rivers_large_b
D:7:      layout_cave_pods, minmay_temple_entry_enclosed_plants
D:8:      layout_layer_cave, mainiacjoe_overflow_concentric_impassable,
          mainiacjoe_overflow_cross_hatched, uniq_psyche
D:9:      layout_rooms, kennysheep_little_box, dpeg_lair_monsters, orc_0_dummy,
          serial_shops, shop, minmay_evil_grid
D:10:     layout_rooms, led_sif_pool, nicolae_transporter_intersection
Temple:   nicolae_temple_bog_church
Orc:1:    gammafunk_beogh_shrine, layout_caves, mines2_lemuel

Skill      XL: |  1  2  3  4  5  6  7  8  9 10 11 |
---------------+----------------------------------+-----
Conjurations   | 2 3 4 5 6 8 10 11 | 11.6
Fighting       | 1 2 3 4 6 7 8 |  8.8
Fire Magic     | 4 5 6 7 9 10 | 10.3
Armour         | 2 4 5 |  5.3
Dodging        | 3 5 |  5.9
Stealth        | |  2.0
Spellcasting   | |  2.0

Action                     |  1- 3 |  4- 6 |  7- 9 | 10-12 || total
---------------------------+-------+-------+-------+-------++-------
  Melee: Unarmed           |    26 |       |       |       ||    26
         Kick              |    11 |     7 |     5 |    22 ||    45
         Peck              |     6 |     4 |     5 |    14 ||    29
         Staff             |     7 |    16 |    13 |       ||    36
         Flail             |       |       |       |    69 ||    69
   Cast: Foxfire           |    99 |    86 |   265 |    32 ||   482
         Scorch            |       |       |    36 |    48 ||    84
         Flame Wave        |       |       |     1 |    14 ||    15
  Evoke: Wand              |       |       |       |     3 ||     3
    Use: Scroll            |     4 |       |     9 |       ||    13
         Potion            |       |       |       |     6 ||     6
   Stab: Sleeping          |     1 |       |       |       ||     1
 Armour: Robe              |    17 |     6 |    23 |    38 ||    84
  Dodge: Dodged            |    38 |    15 |    37 |   137 ||   227
         Repelled          |       |       |     2 |       ||     2

Table legend: (Time is in decaauts)
 A = Elapsed time spent in this place.
 B = Non-inter-level travel time spent in this place.
 C = Inter-level travel time spent in this place.
 D = Time resting spent in this place.
 E = Time spent auto-exploring this place.
 F = Levels seen in this place.
 G = Mean time per level.
                   A        B        C        D        E       F      G
               +--------+--------+--------+--------+--------+-----+--------+
         Total |  12122 |  11618 |    504 |    463 |   9631 |  12 | 1010.2 |
       Dungeon |  11979 |  11487 |    492 |    463 |   9524 |  10 | 1197.9 |
        Temple |    134 |    122 |     12 |      0 |    107 |   1 |  134.0 |
  Orcish Mines |      8 |      8 |      0 |      0 |      0 |   1 |    8.0 |
               +--------+--------+--------+--------+--------+-----+--------+

Top non-repeatable levels by time:
     D:5: 1726 daAuts
     D:6: 1593 daAuts
     D:8: 1409 daAuts
     D:3: 1353 daAuts
    D:10: 1277 daAuts
     D:7: 1209 daAuts
     D:4: 1088 daAuts
     D:2: 872 daAuts
     D:1: 823 daAuts
     D:9: 626 daAuts
  Temple: 134 daAuts
   Orc:1: 8 daAuts
